 Dungeon Crawl Stone Soup version 0.17-a0-1646-geb1493d (webtiles) character file.

14369 kae the Devastator (level 12, -2/59 HPs)
             Began as a Tengu Fire Elementalist on Aug 9, 2015.
             Was an Elder of Vehumet.
             Slain by a spiny frog (8 damage)
             ... on level 1 of the Lair of Beasts.
             The game lasted 00:29:20 (16386 turns).

kae the Devastator (Tengu Fire Elementalist)       Turns: 16386, Time: 00:29:21

Health: -2/59      AC:  6    Str:  8    XL:     12   Next: 15%
Magic:  0/25       EV: 12    Int: 21    God:    Vehumet [****..]
Gold:   272        SH:  0    Dex: 15    Spells: 7 memorised, 10 levels left

rFire  . . .     SeeInvis +     D - staff of conjuration
rCold  . . .     Clarity  .     a - +0 robe
rNeg   + . .     SustAt   .     (no shield)
rPois  .         Gourm    .     v - +1 hat {Spirit}
rElec  .         Spirit   +     F - +0 cloak
rCorr  .         Warding  .     n - +1 pair of gloves
rMut   .         Stasis   .     (boots unavailable)
MR     .....                    K - amulet of faith
Stlth  +.........               e - ring of positive energy
                                C - ring of see invisible

@: confused, lethally poisoned (-2 -> -31), not resistant to hostile
enchantments, very unstealthy
A: beak, talons 3, able to fly 1
a: Fly, Renounce Religion


You were on level 1 of the Lair of Beasts.
You worshipped Vehumet.
Vehumet was greatly pleased with you.
You were not hungry.

You visited 2 branches of the dungeon, and saw 12 of its levels.

You collected 539 gold pieces.
You spent 267 gold pieces at shops.

Inventory:

Hand weapons
 f - a +0 dagger of draining
 o - the +3 flail of Nightmares {pain, +Inv rElec MR+}
   (You bought it in a shop on level 5 of the Dungeon)

   In the hands of one skilled in necromantic magic, it inflicts extra damage on
   living creatures.
   It insulates you from electricity.
   It affects your resistance to hostile enchantments.
   It lets you turn invisible.
 r - a cursed +2 halberd of freezing
 u - a +1 long sword
 z - a +2 spear of flaming
Armour
 a - a +0 robe (worn)
 n - a +1 pair of gloves (worn)
 v - a +1 hat of spirit shield (worn)
 F - a +0 cloak (worn)
Magical staves
 D - an uncursed staff of conjuration (weapon)
Jewellery
 e - a ring of positive energy (right hand)
 i - an uncursed ring of flight
 C - a ring of see invisible (left hand)
 K - an amulet of faith (around neck)
Magical devices
 d - a wand of magic darts (21)
 j - a wand of cold (5)
 t - a wand of invisibility (2)
 J - a wand of teleportation (3)
 L - a wand of fire (3)
 M - a wand of enslavement (16)
 N - a wand of frost (28)
Scrolls
 h - 9 scrolls of remove curse
 k - a scroll of amnesia
 p - 4 scrolls of enchant armour
 s - 6 scrolls of identify
 y - 2 scrolls of teleportation
Potions
 q - a potion of cancellation
 A - 2 potions of lignification
 B - 2 potions of flight
 G - 2 potions of brilliance
 O - a potion of agility
Books
 b - a book of Flames

   Spells                             Type                      Level
   a - Flame Tongue                   Conjuration/Fire             1
   b - Throw Flame                    Conjuration/Fire             2
   c - Conjure Flame                  Conjuration/Fire             3
   d - Inner Flame                    Hexes/Fire                   3
   e - Sticky Flame                   Conjuration/Fire             4
   f - Fireball                       Conjuration/Fire             5
 w - a book of Fire

   Spells                             Type                      Level
   a - Ignite Poison                  Fire/Transmutation/Poison    3
   b - Fireball                       Conjuration/Fire             5
   c - Bolt of Fire                   Conjuration/Fire             6
   d - Delayed Fireball               Conjuration/Fire             7
   e - Ring of Flames                 Charms/Fire                  7
 E - a book of Necromancy

   Spells                             Type                      Level
   a - Pain                           Necromancy                   1
   b - Animate Skeleton               Necromancy                   1
   c - Vampiric Draining              Necromancy                   3
   d - Regeneration                   Charms/Necromancy            3
   e - Animate Dead                   Necromancy                   4
   f - Control Undead                 Necromancy                   4
Comestibles
 c - 8 bread rations
 l - 2 meat rations
 m - 5 beef jerkies
 x - a royal jelly
 H - 4 chunks of flesh
 I - 5 slices of pizza


   Skills:
 - Level 2.1 Dodging
 - Level 2.0 Stealth
 + Level 8.1 Spellcasting
 * Level 15.2 Conjurations
 * Level 13.4 Fire Magic


You had 10 spell levels left.
You knew the following spells:

 Your Spells              Type           Power        Failure   Level  Hunger
a - Flame Tongue          Conj/Fire      #####        1%          1    None
b - Throw Flame           Conj/Fire      ######       1%          2    None
c - Conjure Flame         Conj/Fire      #######.     1%          3    None
d - Sticky Flame          Conj/Fire      #######.     1%          4    ###....
e - Fireball              Conj/Fire      #######...   1%          5    #####..
f - Shock                 Conj/Air       ####         1%          1    None
g - Freeze                Ice            #...         2%          1    None


Dungeon Overview and Level Annotations

Branches:
Dungeon (11/15)            Temple (0/1) D:5            Lair (1/8) D:11
    Orc: D:9-12

Altars:
Ashenzari
Cheibriados
Dithmenos
Elyvilon
Gozag
Kikubaaqudgha
Makhleb
Qazlal
Sif Muna
Vehumet
Xom
Yredelemnul
The Shining One

Shops:
D:5 %[*   D:10 *}[

Portals:
Trove: D:10 (give +5 demon trident)


Innate Abilities, Weirdness & Mutations

You have a beak for a mouth.
You have claws for feet.
You can fly.


Message History

Confirm with . or Enter, or press ? or * to list all spells.
Aiming: Sticky Flame
Press: ? - help, Shift-Dir - straight line, f/p - spiny frog
Aim: a spiny frog (severely wounded)
You feel a surge of power!
The sticky flame hits the spiny frog.
The spiny frog is severely wounded.
The spiny frog is covered in liquid flames!
You feel very sick.
The spiny frog burns!
The black mamba bites you!
* * * LOW HITPOINT WARNING * * *
The spiny frog closely misses you. The black mamba bites you!
* * * LOW HITPOINT WARNING * * *
Unknown command.
Drink which item? (? for menu, Esc to quit)
You are confused.
You feel invigorated.
* * * LOW HITPOINT WARNING * * *
You feel very sick.
The spiny frog burns!
The spiny frog stings you!
You die...

.........#
)........#
.........#
.........#
.........#
.........#
.........#
.......S.###.#.#
.%......@F......
................
P...............
...##...........
%. .............
$ ..##.##.......
... #. .......
.. P. .......


You could see a black mamba and a spiny frog (burning).

Vanquished Creatures
  Gastronok (D:8)
  Erolcha (D:8)
  An unseen horror (D:11)
  2 hill giants (D:11)
  The ghost of emiel the Carver, an experienced HEGl of Okawaru (D:8)
  A cyclops (D:11)
  An elephant (D:11)
  Joseph (D:8)
  2 gargoyles
  2 centaur skeletons
  2 shadows (D:11)
  A troll (D:11)
  Sigmund (D:4)
  2 wyverns (D:8)
  8 yaks (D:11)
  A wraith (D:10)
  A human (D:7)
  Grum (D:8)
  A hippogriff (D:10)
  2 wolves (D:8)
  Menkaure (D:7)
  3 ice beasts
  A sky beast (D:5)
  2 orc warriors
  A necrophage (D:11)
  2 black bears
  4 phantoms
  2 eyes of draining
  5 ogres
  2 crocodiles
  8 giant frogs
  A big kobold (D:9)
  7 centaurs
  3 scorpions
  A water moccasin skeleton (D:4)
  7 wights
  3 killer bees (D:7)
  An electric eel (D:9)
  2 crimson imps
  A centaur zombie (D:5)
  2 giant frog skeletons
  8 hounds
  6 orc wizards
  Crazy Yiuf (D:7)
  A jelly (D:9)
  5 orc priests
  5 iguanas
  10 worker ants
  5 sheep
  2 hound skeletons
  2 hound zombies
  2 worker ant zombies
  Robin (D:2)
  16 adders
  3 shadow imps
  2 oozes
  2 worms (D:2)
  An adder zombie (D:6)
  An adder skeleton (D:7)
  17 orcs
  10 bats
  6 giant cockroaches
  10 goblins
  7 hobgoblins
  12 jackals
  4 giant geckos
  7 giant newts
  11 kobolds
  7 quokkas
  A quokka skeleton (D:4)
  6 rats
263 creatures vanquished.

Notes
Turn   | Place    | Note
--------------------------------------------------------------
     0 | D:1      | kae the Tengu Fire Elementalist began the quest for the Orb.
     0 | D:1      | Reached XP level 1. HP: 10/10 MP: 4/4
   142 | D:1      | Reached XP level 2. HP: 15/15 MP: 3/6
   420 | D:1      | Found a glowing golden altar of the Shining One.
   779 | D:1      | Reached skill level 4 in Fire Magic
   779 | D:1      | Reached XP level 3. HP: 19/19 MP: 7/7
  1097 | D:2      | Noticed Robin
  1118 | D:2      | Killed Robin
  1434 | D:2      | Found a burning altar of Makhleb.
  1618 | D:2      | Reached XP level 4. HP: 15/24 MP: 8/8
  2320 | D:3      | Found an ancient bone altar of Kikubaaqudgha.
  2407 | D:3      | HP: 1/24 [poisoned by an adder]
  2504 | D:3      | Found a shimmering altar of Xom.
  2586 | D:4      | Reached skill level 5 in Fire Magic
  2586 | D:4      | Gained mutation: You can fly. [Tengu growth]
  2586 | D:4      | Reached XP level 5. HP: 9/28 MP: 2/9
  2919 | D:4      | Found a glowing golden altar of the Shining One.
  2923 | D:4      | Found a shattered altar of Ashenzari.
  2929 | D:4      | HP: 1/28 [hound (1)]
  3185 | D:4      | Noticed an ogre
  3196 | D:4      | Killed an ogre
  3196 | D:4      | Reached XP level 6. HP: 19/32 MP: 6/11
  3238 | D:4      | Learned a level 2 spell: Throw Flame
  3242 | D:4      | Learned a level 3 spell: Conjure Flame
  3247 | D:4      | Learned a level 4 spell: Sticky Flame
  3264 | D:4      | Reached skill level 5 in Conjurations
  3679 | D:4      | Found a radiant altar of Vehumet.
  3682 | D:4      | Found a shattered altar of Ashenzari.
  3685 | D:4      | Found a stormy altar of Qazlal.
  3868 | D:4      | Became a worshipper of Vehumet
  3897 | D:4      | Noticed Sigmund
  3905 | D:4      | Killed Sigmund
  3905 | D:4      | Reached skill level 6 in Conjurations
  3905 | D:4      | Reached XP level 7. HP: 28/36 MP: 4/13
  4408 | D:5      | Entered Level 5 of the Dungeon
  4720 | D:5      | Found a shimmering altar of Xom.
  4904 | D:5      | Reached skill level 7 in Conjurations
  5043 | D:5      | Found Ubrojot's Assorted Antiques.
  5046 | D:5      | Bought a puce potion for 17 gold pieces
  5046 | D:5      | Bought a scorched flail for 161 gold pieces
  5046 | D:5      | Bought a scroll labeled KEFRIEKIPT for 19 gold pieces
  5046 | D:5      | Bought a scroll labeled ULOENG UWUR for 19 gold pieces
  5046 | D:5      | Bought an emerald potion for 17 gold pieces
  5046 | D:5      | Identified the cursed +3 flail of Nightmares {pain, +Inv rElec MR+} (You bought it in a shop on level 5 of the Dungeon)
  5096 | D:5      | Found a staircase to the Ecumenical Temple.
  5214 | D:5      | Found Binwuw's Food Boutique.
  5274 | D:5      | Reached XP level 8. HP: 29/41 MP: 9/14
  5382 | D:5      | Found Lup Ome's Antique Armour Emporium.
  5587 | D:6      | Found a shadowy altar of Dithmenos.
  5590 | D:6      | Found a white marble altar of Elyvilon.
  5590 | D:6      | Found a snail-covered altar of Cheibriados.
  5622 | D:6      | Found a basalt altar of Yredelemnul.
  5999 | D:5      | Reached skill level 8 in Conjurations
  6440 | D:6      | Acquired Vehumet's first power
  6440 | D:6      | Offered knowledge of Shock by Vehumet.
  6539 | D:6      | Learned a level 5 spell: Fireball
  7088 | D:6      | Reached skill level 9 in Conjurations
  7143 | D:6      | Reached XP level 9. HP: 39/45 MP: 8/17
  7146 | D:6      | Learned a level 1 spell: Shock
  7706 | D:6      | Found an opulent altar of Gozag.
  7739 | D:6      | Reached skill level 5 in Spellcasting
  8274 | D:7      | Found a deep blue altar of Sif Muna.
  8349 | D:7      | Noticed Crazy Yiuf
  8356 | D:7      | Killed Crazy Yiuf
  8576 | D:7      | Reached skill level 10 in Conjurations
  8895 | D:7      | Offered knowledge of Freeze by Vehumet.
  8898 | D:7      | Learned a level 1 spell: Freeze
  9097 | D:7      | Reached skill level 11 in Conjurations
  9227 | D:7      | Noticed Menkaure
  9232 | D:7      | Killed Menkaure
  9277 | D:7      | Reached skill level 10 in Fire Magic
  9480 | D:8      | Noticed emiel's ghost (experienced HEGl)
  9491 | D:8      | Killed emiel's ghost
  9491 | D:8      | Reached XP level 10. HP: 32/50 MP: 11/20
  9632 | D:8      | Noticed Joseph
  9648 | D:8      | Killed Joseph
 10314 | D:8      | Noticed Grum
 10366 | D:8      | Killed Grum
 10366 | D:8      | Reached skill level 12 in Conjurations
 10665 | D:8      | Noticed Erolcha
 11000 | D:8      | You fall through a shaft for 2 floors!
 11000 | D:10     | Entered Level 10 of the Dungeon
 11000 | D:10     | Found a portal to a secret trove of treasure.
 11426 | D:10     | Found Nyodeec's Assorted Antiques.
 11429 | D:10     | Bought a scroll labeled BAUL GYFEITU for 34 gold pieces
 11503 | D:9      | Offered knowledge of Static Discharge by Vehumet.
 11811 | D:9      | Noticed Gastronok
 11883 | D:8      | Acquired Vehumet's second power
 12196 | D:8      | Killed Erolcha
 12196 | D:8      | Reached skill level 13 in Conjurations
 12480 | D:9      | Offered knowledge of Throw Icicle by Vehumet.
 12484 | D:9      | Reached XP level 11. HP: 48/54 MP: 12/22
 13038 | D:8      | Killed Gastronok
 13336 | D:10     | Found Jiorocoo's Antique Armour Boutique.
 13649 | D:10     | Found Retwac's Gadget Shop.
 13952 | D:10     | Acquired Vehumet's third power
 14085 | D:11     | Reached skill level 14 in Conjurations
 14126 | D:11     | Found a staircase to the Lair.
 14134 | D:11     | Offered knowledge of Venom Bolt by Vehumet.
 14344 | D:11     | HP: 2/54 [yak (15)]
 15135 | D:11     | Noticed a hill giant
 15185 | D:11     | Killed a hill giant
 15691 | D:11     | Noticed a hill giant
 15704 | D:11     | Killed a hill giant
 15704 | D:11     | Reached XP level 12. HP: 59/59 MP: 18/24
 15843 | D:11     | Reached skill level 15 in Conjurations
 15958 | D:11     | Noticed an unseen horror
 15974 | D:11     | Killed an unseen horror
 16378 | Lair:1   | Entered Level 1 of the Lair of Beasts
 16386 | Lair:1   | Slain by a spiny frog

Vault maps used:
D:1:      sevenhm_arrival_forest_fort_large_2, serial_curves, eino_curves_04,
          eino_curves_01, hex_medium, minivault_24, minmay_crystal_room,
          tso_metal_star
D:2:      old_standard_altar, kennysheep_generic_room_9, uniq_robin
D:3:      lemuel_crystal_altar, lemuel_doored_altar
D:4:      overflow_temple_1_default, grunt_temple_overflow_diamond,
          kennysheep_another_room, ashenzari_altar_1, uniq_sigmund
D:5:      temple_pool_a, serial_shops, shop, shop_statue, kennysheep_mini,
          basic_altar, first_bread
D:6:      lemuel_crystal_altar, grunt_temple_overflow_open
D:7:      kennysheep_little_box, grunt_livestock, uniq_menkaure,
          uniq_crazy_yiuf_cottage
D:8:      minmay_misc_feat_rows, uniq_erolcha, uniq_grum, uniq_joseph
D:9:      serial_column_ruins, column_ruins_open_tiny, column_ruins_open_small,
          column_ruins_open_small, column_ruins_corridor_plus,
          column_ruins_grid_1, column_ruins_open_tiny, kennysheep_donut,
          uniq_gastronok
D:10:     enter_trove_2, serial_shops, nicolae_shop_window_shopping,
          nicolae_shop_waterfront, shop
D:11:     david_lair_generic, lab_entry_generic
Lair:1:   portal_ice_cave_entry_pillars_01, grunt_forest_large_clearings

Action                   |  1- 3 |  4- 6 |  7- 9 | 10-12 || total
-------------------------+-------+-------+-------+-------++-------
Melee: Dagger            |    70 |    21 |       |       ||    91
       Unarmed           |     1 |       |       |       ||     1
       Long sword        |       |    21 |     4 |       ||    25
       Flail             |       |       |    61 |     5 ||    66
       Staff             |       |       |       |    18 ||    18
 Cast: Flame Tongue      |    20 |    44 |   206 |   311 ||   581
       Throw Flame       |       |     4 |    66 |    68 ||   138
       Sticky Flame      |       |       |     1 |    16 ||    17
       Conjure Flame     |       |       |     6 |     6 ||    12
       Fireball          |       |       |     1 |    18 ||    19
       Shock             |       |       |       |     1 ||     1
Evoke: Wand              |       |       |       |     1 ||     1
  Use: Potion            |       |     2 |     7 |     9 ||    18
       Scroll            |       |       |    20 |     6 ||    26
 Stab: Sleeping          |     5 |     4 |     1 |       ||    10
  Eat: Chunk             |     1 |     8 |    18 |    23 ||    50
       Fruit             |       |       |     3 |       ||     3
       Pizza             |       |       |       |     3 ||     3
